 Dungeon Crawl Stone Soup version 0.31-a0-632-g766dd24fdf (webtiles) character file.

Game seed: 17931667512059547570

15 ytrimaz the Ruffian (level 2, -1/18 HPs)
             Began as an Octopode Shapeshifter on Aug 25, 2023.
             Slain by a gnoll
             ... wielding a +0 club
              (6 damage)
             ... on level 1 of the Dungeon.
             The game lasted 00:00:19 (180 turns).

ytrimaz the Ruffian (Octopode Shapeshifter)          Turns: 180, Time: 00:00:20

Health: -1/18      AC:  1    Str: 14    XL:     2   Next: 50%
Magic:  2/2        EV: 13    Int: 10    God:
Gold:   0          SH:  0    Dex: 12    Spells: 1/1 levels left

rFire   . .          .
                       - Unarmed
rCold   . . .        (no shield)
rNeg    . . .        (helmet currently unavailable)
rPois   .            (no amulet)
rElec   .            (no ring)
rCorr   .            (no ring)
SInv    .            (no ring)
Will    .....        (no ring)
Stlth   ++           (no ring)
HPRegen 0.23/turn    (no ring)
MPRegen 0.08/turn    (no ring)
                     (no ring)

%: no passive effects
@: beast-form
A: beast (slay +1), almost no armour, amphibious, 8 rings, camouflage 1,
gelatinous body 1, (nimble swimmer 1), tentacles
a: Begin Untransformation


You were on level 1 of the Dungeon.
You were a hulking beast.
You visited 1 branch of the dungeon, and saw 1 of its levels.


Innate Abilities, Weirdness & Mutations

You are a hulking beast.
Your limbs bulge with bestial killing power. (Slay +1)
You cannot wear most types of armour.
You are amphibious.
You can wear up to eight rings at the same time.
Your skin changes colour to match your surroundings (Stealth+).
Your rubbery body absorbs attacks. (AC +1, EV +1)
((You are camouflaged when in or above water. (Stealth+)))
You have tentacles for arms and can constrict up to eight enemies at once.


   Skills:
 - Level 1.0 Fighting
 - Level 2.0 Dodging
 + Level 3.4 Unarmed Combat
 + Level 3.3 Shapeshifting


You had one spell level left.
You didn't know any spells.
Your spell library was empty.

Inventory:

Talismans
 b - a beast talisman (active)
 c - a flux talisman
Potions
 a - a potion of lignification
 d - a potion of brilliance {unknown}

Dungeon Overview and Level Annotations

Branches:
Dungeon (1/15) Zot: 5820

Altars:

...#........(..
...#...........
...K...........
...............
.....h.......
...........
...[.....#########.#
#.).hhbgh.......
#..).#########.#
#....### ###..?.# #
#..### . ##...# .
#.#..# . #.##.# . #
#.# ..#...


You could see a gnoll, 2 jackals and a bat.


Message History

You tentacle-slap the ball python.
You kill the ball python!
The bat hits you.
Unknown command.
The bat barely misses you.
You tentacle-slap the bat. Your grab misses the bat.
Your squeeze misses the bat. The bat closely misses you.
The bat barely misses you.
Unknown command.
The bat hits you but does no damage. 😕 HP[+1]
A bat is nearby!
You tentacle-slap the bat.
You kill the bat!
You see here a +0 club.
Key pressed, stopping explore.
Key pressed, stopping explore.
No target in view! 😎 HP[+2]
Your hp is fully restored (18).
Unknown command.
Key pressed, stopping explore.
No target in view!
A hobgoblin comes into view.
A hobgoblin is nearby!
A hobgoblin is nearby!
The hobgoblin shouts!
A hobgoblin is nearby!
You tentacle-slap the hobgoblin. Your grab misses the hobgoblin.
The hobgoblin misses you.
Unknown command.
You tentacle-slap the hobgoblin but do no damage.
Your grab misses the hobgoblin.
Your tentacle-slap misses the hobgoblin.
The hobgoblin barely misses you.
You tentacle-slap the hobgoblin. You grab the hobgoblin.
You constrict the hobgoblin.
You kill the hobgoblin!
No target in view!
Unknown command.
Found a stone staircase leading down.
Key pressed, stopping explore.
No target in view!
Key pressed, stopping explore.
Key pressed, stopping explore.
No target in view!
A goblin comes into view. It is wielding a +0 club.
A goblin is nearby!
A goblin is nearby!
A bat comes into view.
There are monsters nearby!
A kobold comes into view. It is wielding a +0 short sword.
The kobold shouts!
There are monsters nearby!
You tentacle-slap the goblin.
You kill the goblin!
A gnoll and a jackal come into view.
The bat hits you but does no damage.
You see here a +0 club.
You closely miss the bat.
The gnoll shouts!
You grab the bat. Your squeeze misses the bat. You constrict the bat.
The bat barely misses you.
The bat escapes!
A jackal comes into view.
The bat misses you.
Unknown command.
You tentacle-slap the bat but do no damage.
Your grab misses the bat. The bat closely misses you.
A jackal comes into view.
The jackal barks!
You tentacle-slap the kobold.
You kill the kobold!
You hear a shout!
The bat closely misses you.
A kobold comes into view. It is wielding a +0 dagger.
The jackal attacks as it pursues you! The jackal bites you.
The bat hits you but does no damage. The jackal bites you. 😕 HP[-4]
You take 4 damage, and now have 14/18 hp.
MASSIVE DAMAGE!! (PAUSE)
The bat closely misses you. The bat hits you.
The jackal attacks as it pursues you! The jackal completely misses you.
The jackal bites you. 😮 HP[-2]
You take 2 damage, and now have 12/18 hp.
You tentacle-slap the jackal. You grab the jackal.
You constrict the jackal, but do no damage.
The jackal bites you. The jackal misses you.
Unknown command.
You tentacle-slap the jackal.
You kill the jackal!
You tentacle-slap the gnoll. You grab the gnoll. You constrict the gnoll.
The gnoll hits you with a +0 club!
* * * LOW HITPOINT WARNING * * *
😨 HP[-7]
You take 7 damage, and now have 5/18 hp.
MASSIVE DAMAGE!! (PAUSE)
You tentacle-slap the gnoll. You constrict the gnoll.
The gnoll hits you with a +0 club.
You die...

Action                     || total
---------------------------++-------
  Melee: Unarmed           ||    22
         Constrict         ||     7
         Tentacles         ||     3
   Stab: Sleeping          ||     2
 Armour: Skin              ||     4
  Dodge: Dodged            ||    19

Levels and vault maps discovered:
D:1:      psy_arrival_spokes, layout_basic, palyth_stone_intersect

Notes
Turn   | Place    | Note
-------+----------+-------------------------------------------
     0 | D:1      | ytrimaz the Octopode Shapeshifter began the quest for the
                  | Orb.
     0 | D:1      | Reached XP level 1. HP: 13/13 MP: 1/1
     0 | D:1      | magus.rc [v1.9.6]
    74 | D:1      | Reached XP level 2. HP: 18/18 MP: 2/2
   180 | D:1      | Slain by a gnoll

Vanquished Creatures
  A dart slug (D:1)
  A ball python (D:1)
  A bat (D:1)
  An endoplasm (D:1)
  2 goblins (D:1)
  2 hobgoblins (D:1)
  A jackal (D:1)
  A kobold (D:1)
  A rat (D:1)
11 creatures vanquished.

Table legend:
 A = Non-vault XP
 B = Vault XP
 C = Vault XP percentage of total XP
 D = Non-vault monster count
 E = Vault monster count
 F = Vault count percentage of total count
                 A         B        C        D         E       F
            +---------+---------+-------+---------+---------+-------
      Total |      22 |       0 |   0.0 |      11 |       0 |   0.0
            +---------+---------+-------+---------+---------+-------
        D:1 |      22 |       0 |   0.0 |      11 |       0 |   0.0
            +---------+---------+-------+---------+---------+-------

Action                     || total
---------------------------++-------
  Melee: Unarmed           ||    22
         Constrict         ||     7
         Tentacles         ||     3
   Stab: Sleeping          ||     2
 Armour: Skin              ||     4
  Dodge: Dodged            ||    19

Illustrated notes

Table legend:
 A = Kills in this place as a percentage of kills in the entire game.
 B = Kills by you in this place as a percentage of kills by you in the entire game.
 C = Kills by friends in this place as a percentage of kills by friends in the entire game.
 D = Other kills in this place as a percentage of other kills in the entire game.
 E = Experience gained in this place as a percentage of experience gained in the entire game.
 F = Experience gained in this place divided by the number of levels of this place that you have seen.
                   A       B       C       D       E      F
               +-------+-------+-------+-------+-------+----------------------
         Total | 100.0 | 100.0 |   N/A |   N/A | 100.0 |  22.0
       Dungeon | 100.0 | 100.0 |   N/A |   N/A | 100.0 |  22.0
               +-------+-------+-------+-------+-------+----------------------

Table legend: (Time is in decaauts)
 A = Elapsed time spent in this place.
 B = Non-inter-level travel time spent in this place.
 C = Inter-level travel time spent in this place.
 D = Time resting spent in this place.
 E = Time spent auto-exploring this place.
 F = Levels seen in this place.
 G = Mean time per level.
                   A        B        C        D        E       F      G
               +--------+--------+--------+--------+--------+-----+--------+
         Total |    178 |    178 |      0 |      0 |    117 |   1 |  178.0 |
       Dungeon |    178 |    178 |      0 |      0 |    117 |   1 |  178.0 |
               +--------+--------+--------+--------+--------+-----+--------+

Top non-repeatable levels by time:
     D:1: 178 daAuts
